 Dungeon Crawl Stone Soup version 0.27.1-33-g824d729ab1 (webtiles) character file.

Game seed: 16843772396684478051

968 belegose the Covert (level 7, -7/54 HPs)
             Began as a Vampire Brigand on Dec 13, 2021.
             Mangled by a killer bee (8 damage)
             ... on level 5 of the Dungeon.
             The game lasted 00:13:14 (4815 turns).

belegose the Covert (Vampire Brigand)               Turns: 4815, Time: 00:13:18

Health: -7/54      AC: 10    Str: 12    XL:     7   Next: 93%
Magic:  7/7        EV: 14    Int: 11    God:
Gold:   123        SH:  0    Dex: 16    Spells: 6/6 levels left

rFire    . . .     SeeInvis +   a - +2 dagger
rCold    . . .     Faith    .   (no shield)
rNeg     . . .     Spirit   .   b - +0 robe
rPois    .         Reflect  .   n - +0 helmet
rElec    .         Harm     .   q - +1 cloak {Will+}
rCorr    .         Rampage  .   (no gloves)
Will     +....                  r - +2 pair of boots {Stlth+}
Stlth    +++++.....             (no amulet)
HPRegen  0.38/turn              (no ring)
MPRegen  0.10/turn              (no ring)

@: lethally poisoned (-7 -> -12), unable to read, healing quickly
A: alive, fangs 3, see invisible, vampiric 2, hooves 1, iridescent scales 1,
dopey 1, wild magic 1
a: Exsanguinate


You were on level 5 of the Dungeon.
You visited 1 branch of the dungeon, and saw 5 of its levels.

You collected 123 gold pieces.

Inventory:

Hand Weapons
 a - a +2 dagger (weapon)
Missiles
 d - 2 poisoned darts (quivered)
 e - 2 curare-tipped darts
 m - 64 stones
Armour
 b - a +0 robe (worn)
 c - a +0 kite shield
 n - a +0 helmet (worn)
 q - a +1 cloak of willpower (worn)
 r - a +2 pair of boots of stealth (worn)
Scrolls
 f - a scroll of amnesia {unknown}
 g - 3 scrolls of teleportation {unknown}
 h - 3 scrolls of identify {unknown}
 i - 2 scrolls of enchant armour {unknown}
 l - a scroll of silence {unknown}
 p - 2 scrolls of enchant weapon {unknown}
Potions
 k - a potion of cancellation {unknown}
 o - a potion of curing
 s - a potion of brilliance {unknown}
 t - a potion of degeneration {unknown}


   Skills:
 + Level 4.1 Fighting
 + Level 5.0 Short Blades
 + Level 3.6 Throwing
 + Level 4.3 Dodging
 + Level 8.6 Stealth


You had 6 spell levels left.
You didn't know any spells.
Your spell library contained the following spells:

 Spells                   Type           Power      Damage    Failure   Level
 Corpse Rot               Necr/Air       N/A        N/A       56%         2
 Poisonous Vapours        Pois/Air       0%         N/A       56%         2
 Dispel Undead            Necr           0%         3d6       99%         4
 Freezing Cloud           Conj/Ice/Air   0%         6-21      100%        5
 Death Channel            Necr           0%         N/A       100%        6


Dungeon Overview and Level Annotations

Branches:
Dungeon (5/15)
 Temple: D:4-7

Altars:
Okawaru
Qazlal
Uskayaw

Shops:
D:3 (

Annotations:
D:2 Sigmund


Innate Abilities, Weirdness & Mutations

Your natural rate of healing is accelerated.
You have razor-sharp teeth.
You have supernaturally acute eyesight. (SInv)
You are afflicted with vampirism and can become a bat while bloodless.
You have large cloven feet.
You are partially covered in iridescent scales. (AC +2)
You are dopey. (Int -2)
Your spells are a little harder to cast, but a little more powerful.


Message History

Press: ? - help, Q - select action, (/) - cycle Shift-Dir - straight line, f/p - killer bee
Aim: a killer bee (36% to hit)
You throw a poisoned dart.
The poisoned dart barely misses the killer bee.
The poisoned dart barely misses the killer bee. x2
You feel sick.
The killer bee stings you but does no damage.
The killer bee stings you! The killer bee stings you.
* * * LOW HITPOINT WARNING * * *
The killer bee closely misses you.
Unknown command.
It was a potion of mutation.
You feel extremely strange.
You lose the ability to read scrolls when threatened.
Your feet thicken and deform.
Iridescent scales grow over part of your body.
You feel sick. The killer bee closely misses you. The killer bee stings you.
* * * LOW HITPOINT WARNING * * *
The killer bee stings you.
* * * LOW HITPOINT WARNING * * *
The killer bee misses you.
You feel better. The killer bee stings you.
* * * LOW HITPOINT WARNING * * *
The killer bee closely misses you. The killer bee stings you!
You feel threatened and lose the ability to read scrolls!
* * * LOW HITPOINT WARNING * * *
The killer bee stings you.
* * * LOW HITPOINT WARNING * * *
You are lethally poisoned!
The killer bee poisons you!
You cannot read scrolls in your current state!
You aren't carrying any items that you can evoke.
Really quaff the potion of mutation?
You feel extremely strange.
You can once more read scrolls while threatened.
You feel stupid.
You feel less in control of your magic.
* * * LOW HITPOINT WARNING * * *
You feel sick.
The orc shouts!
The killer bee closely misses you. x3; The killer bee stings you!
You die...

#.############ ##....
##...........######....
######........))))....
#############.... ##...
#... ### ##)..
####.#########..[.
#@yyyo..(.........
##yy............>.
####..######....# ####
##..## #..# ....# ....#
....#


You could see 5 killer bees and an orc.

Vanquished Creatures
  An ice beast (D:5)
  A necrophage (D:3)
  2 scorpions
  A wyvern skeleton (D:3)
  A killer bee (D:5)
  4 hounds
  A gnoll shaman (D:4)
  A jelly (D:4)
  Jessica (D:1)
  3 orc wizards
  Terence (D:3)
  A hound skeleton (D:4)
  7 gnolls
  A howler monkey skeleton (D:5)
  8 adders
  2 adder skeletons
  A worm (D:4)
  6 dart slugs
  15 orcs
  7 ball pythons
  7 endoplasms
  2 giant cockroaches
  7 goblins
  6 hobgoblins
  2 jackals (D:3)
  6 kobolds
  4 quokkas
  2 bats (D:1)
  4 frilled lizards
  8 rats
113 creatures vanquished.

Notes
Turn   | Place    | Note
-------+----------+-------------------------------------------
     0 | D:1      | belegose the Vampire Brigand began the quest for the Orb.
     0 | D:1      | Reached XP level 1. HP: 16/16 MP: 1/1
     0 | D:1      | Noticed an orb of fire
     1 | D:1      | Noticed an iron dragon
     2 | D:1      | Noticed a large abomination
     4 | D:1      | Noticed a large abomination
     6 | D:1      | Noticed an iron dragon
     7 | D:1      | Noticed an iron dragon
     9 | D:1      | Noticed an iron dragon
    11 | D:1      | Noticed an ice dragon
    11 | D:1      | Noticed an iron dragon
    13 | D:1      | Noticed a shadow dragon
    15 | D:1      | Noticed an iron dragon
    15 | D:1      | Noticed a shadow dragon
    15 | D:1      | Noticed a green draconian
    18 | D:1      | Noticed an iron dragon
    18 | D:1      | Noticed a shadow dragon
    72 | D:1      | Reached skill level 6 in Stealth
   103 | D:1      | Reached XP level 2. HP: 22/22 MP: 2/2
   681 | D:2      | Noticed Sigmund
   701 | D:1      | Gained mutation: You are afflicted with vampirism and can
                  | become a bat while bloodless. [Vampire growth]
   701 | D:1      | Reached XP level 3. HP: 13/27 MP: 3/3
  1059 | D:2      | Noticed Jessica
  1076 | D:1      | Killed Jessica
  1077 | D:1      | Reached XP level 4. HP: 17/34 MP: 4/4
  1865 | D:3      | Noticed a scorpion
  1883 | D:3      | Killed a scorpion
  1884 | D:3      | Reached skill level 7 in Stealth
  1884 | D:3      | Reached XP level 5. HP: 8/39 MP: 5/5
  1889 | D:3      | HP: 1/39 [poisoned by a scorpion]
  2375 | D:3      | Found Toyr's Weapon Shoppe.
  2401 | D:3      | Reached XP level 6. HP: 13/47 MP: 6/6
  2529 | D:3      | Noticed Terence
  2542 | D:3      | Killed Terence
  3509 | D:4      | Found a stormy altar of Qazlal.
  3510 | D:4      | Found a hide-covered altar of Uskayaw.
  3605 | D:3      | Reached XP level 7. HP: 49/52 MP: 7/7
  3806 | D:4      | Reached skill level 8 in Stealth
  4291 | D:5      | Entered Level 5 of the Dungeon
  4291 | D:5      | Found an iron altar of Okawaru.
  4762 | D:5      | Reached skill level 5 in Short Blades
  4813 | D:5      | Gained mutation: You sometimes lose the ability to read
                  | scrolls when taking damage. [potion of mutation]
  4813 | D:5      | Gained mutation: You have large cloven feet. [potion of
                  | mutation]
  4813 | D:5      | Gained mutation: You are partially covered in iridescent
                  | scales. (AC +2) [potion of mutation]
  4814 | D:5      | HP: 2/54 [killer bee (4)]
  4815 | D:5      | Lost mutation: You sometimes lose the ability to read
                  | scrolls when taking damage. [potion of mutation]
  4815 | D:5      | Gained mutation: You are dopey. (Int -2) [potion of
                  | mutation]
  4815 | D:5      | Gained mutation: Your spells are a little harder to cast,
                  | but a little more powerful. [potion of mutation]
  4815 | D:5      | Mangled by a killer bee

Illustrated notes

Levels and vault maps discovered:
D:1:      shiori_arrival_whats_in_store_for_you, layout_rooms
D:2:      layout_rooms, uniq_jessica, uniq_sigmund
D:3:      layout_basic, serial_shops, shop, uniq_terence
D:4:      layout_loops_ring, minitemple, corexii_hall_statues_t
D:5:      layout_layer_cave, mainiacjoe_overflow_catwalk, portal_sewer_entry_d,
          uniq_grinder, uniq_eustachio, uniq_edmund

Skill      XL: |  1  2  3  4  5  6  7 |
---------------+----------------------+-----
Stealth        | 6 7 8 |  8.6
Fighting       | 2 3 4 |  4.1
Throwing       | 2 3 |  3.6
Dodging        | 2 3 4 |  4.3
Short Blades   | 3 4 5 |  5.0

Action                   |  1- 3 |  4- 6 |  7- 9 || total
-------------------------+-------+-------+-------++-------
Melee: Dagger            |    84 |   225 |   206 ||   515
       Bite              |     9 |    26 |    25 ||    60
Throw: Dart              |     4 |    15 |     7 ||    26
  Use: Potion            |       |       |     4 ||     4
 Stab: Sleeping          |     8 |    12 |     7 ||    27
Armor: Robe              |    12 |    34 |    52 ||    98
Dodge: Dodged            |    43 |   102 |   102 ||   247
